 Dungeon Crawl Stone Soup version 0.17.0-26-gececa24 (console) character file.

28 gw the Chucker (level 3, -1/30 HPs)
             Began as a Minotaur Hunter on Nov 19, 2015.
             Slain by a gnoll
             ... wielding a +0 spear of chaos
              (3 damage)
             ... on level 2 of the Dungeon.
             The game lasted 00:00:36 (1083 turns).

gw the Chucker (Minotaur Hunter)                    Turns: 1083, Time: 00:00:36

Health: -1/30      AC:  5    Str: 16    XL:     3   Next: 0%
Magic:  0/2        EV: 11    Int:  8    God:
Gold:   80         SH:  0    Dex: 11    Spells: 0 memorised, 2 levels left

rFire  . . .     SeeInvis .     b - +0 mace
rCold  . . .     Clarity  .     g - +0 ring mail
rNeg   . . .     SustAt   .     (no shield)
rPois  .         Gourm    .     (helmet restricted)
rElec  .         Spirit   .     (no cloak)
rCorr  .         Warding  .     (no gloves)
rMut   .         Stasis   .     (no boots)
MR     .....                    (no amulet)
Stlth  +.........               (no ring)
                                (no ring)

@: lethally poisoned (-1 -> -10), slowed, drained, very slow, not resistant to
hostile enchantments, very unstealthy
A: retaliatory headbutt, horns 2
a: no special abilities


You were on level 2 of the Dungeon.
You were not hungry.

You visited 1 branch of the dungeon, and saw 2 of its levels.

You collected 80 gold pieces.

Inventory:

Hand Weapons
 b - a +0 mace (weapon)
Missiles
 c - 6 javelins (quivered)
 d - 2 throwing nets
 n - 35 stones
Armour
 g - a +0 ring mail (worn)
Scrolls
 i - a scroll of immolation {unknown}
Potions
 a - a potion of curing {unknown}
 f - a potion of lignification
Comestibles
 e - 4 bread rations
 h - a beef jerky
 j - 2 meat rations


   Skills:
 + Level 2.9(2.3) Fighting
 + Level 0.2(0.0) Maces & Flails
 * Level 4.5(3.8) Throwing
 + Level 1.2(0.5) Armour
 - Level 2.1(1.5) Dodging
 - Level 0.7(0.1) Stealth


You had 2 spell levels left.
You didn't know any spells.

Dungeon Overview and Level Annotations

Branches:
Dungeon (2/15)

Altars:
Xom


Innate Abilities, Weirdness & Mutations

You reflexively headbutt those who attack you in melee.
You have a pair of horns on your head.


Message History

You feel your power leaking away.
The gnoll hits you with a dagger of chaos.
You suddenly lose the ability to move!
The gnoll hits you from afar with a spear of chaos.
You are poisoned.
The gnoll hits you but does no damage.
The gnoll hits you with a dagger of chaos.
You can move again.
ATTACK MOVE TO (-1,0)
You barely miss the gnoll.
You feel sick.
The gnoll hits you from afar with a spear of chaos.
You feel drained. The gnoll completely misses you.
The gnoll hits you with a dagger of chaos.
You feel yourself slow down. The gnoll misses you. The gnoll barely misses you.
ATTACK MOVE TO (-1,0)
You hit the gnoll but do no damage.
You feel sick.
The gnoll splashes around in the water.
The gnoll barely misses you. The gnoll barely misses you.
The gnoll hits you from afar with a spear of chaos.
You die...

###.............#
#.....#.......###
#.#.#.#.#####.#
#...#.#..)....#
####)######..##.#####
##~#.#.#~##.###.##......
#.#.~~##.#.# ##...#####
#####~#...g.### ##..#
#.#gH.gg~~# #..#
#..#~.g~~#.#..~#####
~.%#.#g#..#####~
###.#}~...~}#~..
...#.~~~.#..#.#
#.}~..#~..#_}.# ## .~#
~!..~## ### ######


You could see 6 gnolls.

Table legend:
 A = Turns spent in this place as a percentage of turns spent in the entire game.
 B = Non-inter-level travel turns spent in this place as a percentage of non-inter-level travel turns spent in the entire game.
 C = Inter-level travel turns spent in this place as a percentage of turns spent in this place.
 D = Turns resting spent in this place as a percentage of non-inter-level travel turns spent in this place.
 E = Turns spent auto-exploring this place as a percentage of non-inter-level travel turns spent in this place.
 F = Non-inter-level travel turns spent in this place divided by the number of levels of this place that you've seen.
                   A       B       C       D       E      F
               +-------+-------+-------+-------+-------+----------------------
         Total | 100.0 | 100.0 |   0.3 |   0.8 |   2.7 | 740.0
       Dungeon | 100.0 | 100.0 |   0.3 |   0.8 |   2.7 | 740.0
               +-------+-------+-------+-------+-------+----------------------

Table legend:
 A = Kills in this place as a percentage of kills in entire the game.
 B = Kills by you in this place as a percentage of kills by you in the entire game.
 C = Kills by friends in this place as a percentage of kills by friends in the entire game.
 D = Other kills in this place as a percentage of other kills in the entire game.
 E = Experience gained in this place as a percentage of experience gained in the entire game.
 F = Experience gained in this place divided by the number of levels of this place that you have seen.
                   A       B       C       D       E      F
               +-------+-------+-------+-------+-------+----------------------
         Total | 100.0 | 100.0 |  -nan |  -nan | 100.0 |  20.5
       Dungeon | 100.0 | 100.0 |  -nan |  -nan | 100.0 |  20.5
               +-------+-------+-------+-------+-------+----------------------

Vanquished Creatures
  A gnoll (D:2)
  A giant cockroach (D:2)
  3 hobgoblins (D:1)
  3 bats
  A giant newt (D:1)
  3 goblins (D:1)
  2 kobolds (D:1)
  5 rats (D:1)
19 creatures vanquished.

Notes
Turn   | Place    | Note
--------------------------------------------------------------
     0 | D:1      | gw the Minotaur Hunter began the quest for the Orb.
     0 | D:1      | Reached XP level 1. HP: 18/18 MP: 0/0
   319 | D:1      | Reached XP level 2. HP: 25/25 MP: 1/1
   934 | D:2      | Found a shimmering altar of Xom.
   940 | D:2      | Reached skill level 1 in Armour
   940 | D:2      | Reached XP level 3. HP: 30/30 MP: 2/2
  1080 | D:2      | Paralysed by a gnoll for 2 turns
  1083 | D:2      | Slain by a gnoll

Action                   || total
-------------------------++-------
Melee: Short sword       ||    24
       Mace              ||     9
Throw: Javelin           ||    26
  Use: Scroll            ||     4
       Potion            ||     2
  Eat: Chunk             ||     1

Vault maps used:
D:1:      dpeg_arrival_renting
D:2:      kennysheep_the_goblin_king, tgw_xom, lemuel_doored_altar
